 Dungeon Crawl Stone Soup version 0.29.1-1-gd02db69 (webtiles) character file.

Game seed: 15957275011799995950

28 Jonnyslop the Firebug (level 3, -1/19 HPs)
             Began as a Deep Elf Fire Elementalist on Mar 6, 2023.
             Slain by a hobgoblin (4 damage)
             ... on level 1 of the Dungeon.
             The game lasted 00:02:18 (561 turns).

Jonnyslop the Firebug (Deep Elf Fire Elementalist)   Turns: 561, Time: 00:02:19

Health: -1/19      AC:  2    Str:  5    XL:     3   Next: 0%
Magic:  3/9        EV: 13    Int: 21    God:
Gold:   0          SH:  0    Dex: 15    Spells: 5/8 levels left

rFire   . . .      SeeInvis .   (no weapon)
rCold   . . .      Faith    .   (no shield)
rNeg    . . .      Spirit   .   a - +0 robe
rPois   .          Reflect  .   (no helmet)
rElec   .          Harm     .   (no cloak)
rCorr   .          Rampage  .   (no gloves)
Will    .....                   (no boots)
Stlth   ++........              (no amulet)
HPRegen 0.06/turn               (no ring)
MPRegen 0.11/turn               (no ring)

@: no status effects
A: no striking features
a: no special abilities


You were on level 1 of the Dungeon.
You visited 1 branch of the dungeon, and saw 1 of its levels.

Inventory:

Armour
 a - a +0 robe (worn)
Potions
 b - a potion of magic
 c - 2 potions of heal wounds {unknown}
 d - a potion of resistance {unknown}
 e - a potion of might {unknown}


   Skills:
 + Level 2.9 Dodging
 + Level 3.0 Stealth
 + Level 3.4 Spellcasting
 + Level 1.7 Conjurations
 + Level 3.5 Fire Magic


You had 5 spell levels left.
You knew the following spells:

 Your Spells              Type           Power      Damage    Failure   Level
a - Foxfire               Conj/Fire      56%        2x1d6     4%          1
b - Scorch                Fire           36%        2d7       4%          2

Your spell library contained the following spells:

 Spells                   Type           Power      Damage    Failure   Level
 Conjure Flame            Conj/Fire      14%        6-21      13%         3
 Inner Flame              Hex/Fire       11%        N/A       19%         3
 Flame Wave               Conj/Fire      14%        2d6       38%         4


Dungeon Overview and Level Annotations

Branches:
Dungeon (1/15)

Altars:


Message History

Increase (S)trength, (I)ntelligence, or (D)exterity?
You feel clever. x2
Memorise Scorch, consuming 2 spell levels and leaving 5?
You start memorising the spell.
You continue memorising. x2
Your foxfire dissipates!
You finish memorising.
Spell assigned to 'b'.
A hobgoblin is nearby!
You conjure some foxfire!
You are out of magic!
You are out of magic!
You are out of magic!
You are out of magic!
Your foxfire dissipates!
The foxfire hits the hobgoblin.
The hobgoblin is moderately wounded.
The hobgoblin misses you.
You see here a jackal corpse.
A hobgoblin is nearby!
You are out of magic!
You are out of magic!
You are out of magic!
You are out of magic!
You are out of magic!
The hobgoblin attacks as you move away! The hobgoblin misses you.
You see here a dart slug corpse.
The hobgoblin attacks as you move away! The hobgoblin misses you.
The hobgoblin attacks as you move away! The hobgoblin hits you.
The hobgoblin attacks as you move away! The hobgoblin closely misses you.
The hobgoblin attacks as you move away! The hobgoblin barely misses you.
The hobgoblin attacks as you move away! The hobgoblin hits you.
The hobgoblin attacks as you move away!
The hobgoblin hits you but does no damage.
The hobgoblin attacks as you move away! The hobgoblin hits you.
The hobgoblin attacks as you move away! The hobgoblin hits you.
* * * LOW HITPOINT WARNING * * *
You open the door. The hobgoblin hits you.
* * * LOW HITPOINT WARNING * * *
There is an open door here.
The hobgoblin attacks as you move away! The hobgoblin hits you.
You die...

........#######...#######.###+##.
....†...+...........#####........
....)...###.........#.##.........
).......# #............##........
........# #.........#.##'........
###.....# #####...#######........
####### ##....# #........
################....############.
...............g@...'............
################....####.######..
##############.### #.# ##.#
...............######.# #..#
..##♣♣♣.♣♣♣##..#......# #.## ♣⌠♣
#..#.###### ##.#
..♣♣♣♣♣.♣♣♣♣♣....# #..#
.....⌠.<.⌠.......# #.##
..♣♣♣♣♣.♣♣♣♣♣..#.# ######'###


You could see a hobgoblin.

Vanquished Creatures
  A gnoll (D:1)
  A dart slug (D:1)
  A ball python (D:1)
  An endoplasm (D:1)
  2 giant cockroaches (D:1)
  3 jackals (D:1)
  2 kobolds (D:1)
  2 bats (D:1)
  2 goblins (D:1)
15 creatures vanquished.

Vanquished Creatures (others)
  59 foxfires (D:1)
59 creatures vanquished.

Grand Total: 74 creatures vanquished

Notes
Turn   | Place    | Note
-------+----------+-------------------------------------------
     0 | D:1      | Jonnyslop the Deep Elf Fire Elementalist began the quest
                  | for the Orb.
     0 | D:1      | Reached XP level 1. HP: 10/10 MP: 6/6
   241 | D:1      | Reached XP level 2. HP: 15/15 MP: 1/8
   525 | D:1      | Reached XP level 3. HP: 19/19 MP: 0/9
   528 | D:1      | Learned a level 2 spell: Scorch
   561 | D:1      | Slain by a hobgoblin

Illustrated notes

Levels and vault maps discovered:
D:1:      scummos_arrival_forest, layout_basic, serial_shops, shop,
          chequers_ecumenical_altar_simple, minmay_misc_feat_alley,
          nrook_loot_triangle, minmay_fountain_box

Skill      XL: |  1  2 |
---------------+-------+-----
Stealth        | 3 |  3.0
Dodging        | |  2.9
Spellcasting   | |  3.4
Conjurations   | |  1.7
Fire Magic     | |  3.5

Action                   || total
-------------------------++-------
 Cast: Foxfire           ||    40
Armor: Robe              ||     2
Dodge: Dodged            ||     7
